 Dungeon Crawl Stone Soup version 0.27.1-3-gb3d3a73c9e (webtiles) character file.

Game seed: 9705828972325621382

4160 omarspendo the Carver (level 10, 0/86 HPs)
             Began as a Hill Orc Fighter on Oct 21, 2021.
             Was a Believer of Trog.
             Slain by a seven-headed hydra (1 damage)
             ... while petrified by a basilisk
             ... on level 1 of the Lair of Beasts.
             The game lasted 01:20:05 (10260 turns).

omarspendo the Carver (Hill Orc Fighter)           Turns: 10260, Time: 01:20:06

Health: 0/86       AC: 13    Str: 21    XL:     10   Next: 28%
Magic:  10/10      EV:  2    Int:  7    God:    Trog [**....]
Gold:   291        SH:  0    Dex: 11    Spells: 9/9 levels left

rFire    . . .     SeeInvis .   h - +2 long sword (vorpal)
rCold    . . .     Faith    .   y - +0 tower shield
rNeg     + + +     Spirit   .   b - +0 scale mail
rPois    ∞         Reflect  .   f - +0 helmet
rElec    .         Harm     .   (no cloak)
rCorr    .         Rampage  .   (no gloves)
Will     .....                  (no boots)
Stlth    ..........             (no amulet)
HPRegen  0.24/turn              n - +4 ring of protection
MPRegen  0.12/turn              (no ring)

@: petrified
A: dopey 1
a: Renounce Religion, Berserk, Trog's Hand


You were on level 1 of the Lair of Beasts.
You worshipped Trog.
Trog was pleased with you.
You visited 3 branches of the dungeon, and saw 11 of its levels.
You also visited: Sewer and Ossuary.

You collected 291 gold pieces.

Inventory:

Hand Weapons
 g - a +0 hunting sling
 h - a +2 vorpal long sword (weapon)
 r - a +2 whip of distortion
 B - a +3 hand axe
 C - a +2 vorpal mace
Missiles
 e - 144 stones (quivered)
 j - 23 poisoned darts
 k - 58 bolts
 s - a throwing net
 A - 2 boomerangs
Armour
 b - a +0 scale mail (worn)
 c - a +0 kite shield
 f - a +0 helmet (worn)
 y - a +0 tower shield (worn)
 D - a +0 ring mail
 G - a +0 helmet
Jewellery
 i - a ring of ice
 n - a +4 ring of protection (left hand)
 w - an amulet of faith
Wands
 l - a wand of iceblast (14)
 x - a wand of mindburst (15)
 F - a wand of paralysis (8)
 H - a wand of polymorph (6)
Scrolls
 m - a scroll of torment {unknown}
 p - a scroll of teleportation
 t - a scroll of enchant weapon {unknown}
 v - a scroll of brand weapon {unknown}
 z - 2 scrolls of enchant armour {unknown}
 E - 3 scrolls of fear
Potions
 a - a potion of magic
 d - a potion of might
 o - a potion of brilliance
 q - 2 potions of mutation
 u - a potion of haste {unknown}


   Skills:
 + Level 7.3 Fighting
 + Level 9.2 Long Blades
 + Level 3.6 Axes
 + Level 7.0 Armour
 + Level 3.2 Dodging
 + Level 1.4 Stealth
 + Level 9.0 Shields


You had 9 spell levels left.
You didn't know any spells.
Your spell library contained the following spells:

 Spells                   Type           Power      Damage    Failure   Level
 Corona                   Hex            0%         N/A       100%        1
 Sandblast                Erth           0%         2d4       100%        1
 Ensorcelled Hibernation  Hex/Ice        0%         N/A       100%        2
 Passwall                 Tmut/Erth      0%         N/A       100%        2
 Tukima's Dance           Hex            0%         N/A       100%        3
 Passage of Golubria      Tloc           N/A        N/A       100%        4
 Lee's Rapid Deconstruct  Erth           0%         3d5*      100%        5
 Yara's Violent Unravell  Hex/Tmut       0%         3d3       100%        5


Dungeon Overview and Level Annotations

Branches:
Dungeon (9/15)             Temple (1/1) D:4            Lair (1/6) D:8
  Sewer (visited)         Ossuary (visited)
    Orc: D:9-12

Altars:
Ashenzari
Cheibriados
Dithmenos
Fedhas
Hepliaklqana
Kikubaaqudgha
Trog
Yredelemnul

Shops:
D:8 ?

Annotations:
D:3 2 transporters, 1 runed translucent door, earthworldpsion's ghost, weakling MiMo


Innate Abilities, Weirdness & Mutations

You are dopey. (Int -2)


Message History

The seven-headed hydra bites you.
The bullfrog hits you but does no damage.
The seven-headed hydra bites you. The seven-headed hydra bites you! x2
The seven-headed hydra bites you but does no damage. x3
The seven-headed hydra bites you. The bullfrog barely misses you.
The basilisk gazes at you. You resist with some effort.
The bullfrog hits you but does no damage.
The seven-headed hydra bites you but does no damage.
The seven-headed hydra bites you!
The seven-headed hydra bites you but does no damage. x5
The bullfrog hits you.
The seven-headed hydra bites you but does no damage. x2
The seven-headed hydra bites you.
* * * LOW HITPOINT WARNING * * *
The seven-headed hydra bites you but does no damage. x2
The seven-headed hydra barely misses you.
The seven-headed hydra bites you!
* * * LOW HITPOINT WARNING * * *
The bullfrog hits you but does no damage.
The basilisk gazes at you. You resist with some effort. The bullfrog hits you.
* * * LOW HITPOINT WARNING * * *
The seven-headed hydra bites you!
* * * LOW HITPOINT WARNING * * *
The seven-headed hydra bites you.
* * * LOW HITPOINT WARNING * * *
The seven-headed hydra bites you but does no damage.
The seven-headed hydra bites you!
* * * LOW HITPOINT WARNING * * *
The seven-headed hydra bites you.
* * * LOW HITPOINT WARNING * * *
The seven-headed hydra bites you but does no damage.
The seven-headed hydra bites you!
* * * LOW HITPOINT WARNING * * *
The bullfrog hits you but does no damage.
The basilisk gazes at you. You resist with some effort.
The seven-headed hydra bites you.
You die...

.................##
#.................#
#..?.............##
#................#
#................#
#................#
##................#
......lDF.........#
.......@..........#
####..#######P#####
## ###


You could see a seven-headed hydra, a basilisk and a bullfrog.

Vanquished Creatures
  A komodo dragon (Lair:1)
  8 yaks
  A steam dragon (D:8)
  A water moccasin (Lair:1)
  2 ice beasts
  An orc warrior (D:6)
  A black bear (D:6)
  2 necrophages
  An ogre (D:7)
  A centaur (D:8)
  2 phantoms
  3 kobold brigands
  A bullfrog (D:8)
  A wyvern zombie (D:6)
  A scorpion (D:4)
  3 wights (D:6)
  A howler monkey (D:7)
  2 centaur zombies
  5 orc priests
  3 hounds
  3 jellies
  2 centaur skeletons (D:7)
  3 gnoll shamans
  2 bullfrog skeletons
  3 orc wizards
  4 iguanas
  A killer bee zombie (D:8)
  A hound zombie (D:3)
  A mummy (Ossuary)
  11 gnolls
  6 adders
  4 white imps
  2 ufetubi
  2 adder skeletons (D:4)
  16 orcs
  11 ball pythons
  2 endoplasms
  4 giant cockroaches
  8 goblins
  7 hobgoblins
  20 kobolds
  9 quokkas
  11 bats
  6 frilled lizards
  A gnoll zombie (Ossuary)
  2 hobgoblin zombies (Ossuary)
  2 orc zombies (Ossuary)
  6 rats
191 creatures vanquished.

Vanquished Creatures (others)
  8 plants
  2 withered plants (D:3)
10 creatures vanquished.

Grand Total: 201 creatures vanquished

Notes
Turn   | Place    | Note
-------+----------+-------------------------------------------
     0 | D:1      | omarspendo the Hill Orc Fighter began the quest for the
                  | Orb.
     0 | D:1      | Reached XP level 1. HP: 19/19 MP: 1/1
   245 | D:1      | Reached XP level 2. HP: 17/27 MP: 2/2
   378 | D:1      | Found a faded altar of an unknown god.
   768 | D:2      | Found a basalt altar of Yredelemnul.
   777 | D:2      | Reached XP level 3. HP: 13/33 MP: 3/3
  1869 | D:2      | Identified a scroll of acquirement
  1870 | D:2      | Acquired a +3 vorpal battleaxe
  1997 | D:3      | Reached skill level 1 in Long Blades
  1997 | D:3      | Reached XP level 4. HP: 40/40 MP: 4/4
  2017 | D:3      | Found a transporter.
  2036 | D:3      | Gained mutation: You sometimes lose the ability to read
                  | scrolls when taking damage. [potion of mutation]
  2037 | D:3      | Lost mutation: You sometimes lose the ability to read
                  | scrolls when taking damage. [potion of mutation]
  2037 | D:3      | Gained mutation: You are dopey. (Int -2) [potion of
                  | mutation]
  2051 | D:3      | Found a transporter.
  2105 | D:3      | Found a runed translucent door.
  2106 | D:3      | Noticed earthworldpsion's ghost (weakling MiMo)
  2405 | D:3      | Reached XP level 5. HP: 44/47 MP: 5/5
  2672 | D:4      | Found a glowing drain.
  2692 | Sewer    | Entered a sewer
  2815 | Sewer    | Reached skill level 1 in Dodging
  2880 | Sewer    | Noticed a kobold brigand
  2907 | Sewer    | Killed a kobold brigand
  2908 | Sewer    | Reached XP level 6. HP: 25/53 MP: 6/6
  3317 | D:4      | Reached skill level 5 in Shields
  3708 | D:4      | Found a snail-covered altar of Cheibriados.
  3759 | D:4      | Found a staircase to the Ecumenical Temple.
  3766 | Temple   | Entered the Ecumenical Temple
  3792 | Temple   | Became a worshipper of Trog the Wrathful
  4203 | D:4      | Noticed a yak
  4205 | D:4      | Noticed a yak
  4205 | D:4      | Noticed a yak
  4213 | D:4      | Killed a yak
  4214 | D:4      | Reached XP level 7. HP: 33/60 MP: 7/7
  4230 | D:5      | Entered Level 5 of the Dungeon
  4387 | D:4      | Killed a yak
  4388 | D:4      | Reached skill level 5 in Fighting
  4390 | D:4      | Killed a yak
  4391 | D:4      | Reached skill level 5 in Long Blades
  4391 | D:4      | Reached XP level 8. HP: 24/68 MP: 8/8
  4928 | D:5      | Found a broken altar of Ashenzari.
  5156 | D:5      | Reached skill level 1 in Stealth
  5191 | D:5      | Reached skill level 5 in Armour
  5881 | D:6      | Found an ancient bone altar of Kikubaaqudgha.
  6021 | D:6      | Reached * piety under Trog
  6085 | D:6      | Reached XP level 9. HP: 72/75 MP: 9/9
  6547 | D:7      | Found a sand-covered staircase.
  6591 | D:7      | Reached ** piety under Trog
  6698 | Ossuary  | Entered an ossuary
  7653 | D:8      | Noticed a gargoyle
  8528 | D:8      | Found a basalt altar of Yredelemnul.
  9099 | D:8      | Reached XP level 10. HP: 79/84 MP: 10/10
  9197 | D:9      | HP: 1/86 [gnoll (8)]
  9214 | D:8      | Found Viaf's Magic Scroll Boutique.
  9366 | D:8      | Found a staircase to the Lair.
  9390 | Lair:1   | Entered Level 1 of the Lair of Beasts
 10246 | Lair:1   | Noticed a five-headed hydra
 10259 | Lair:1   | HP: 1/86 [seven-headed hydra (4)]
 10260 | Lair:1   | Slain by a seven-headed hydra

Illustrated notes

Levels and vault maps discovered:
D:1:      matt_arrival_los_fun, layout_basic, shapermc_ecumenical_altar_pompeii,
          serial_aquarium, aquarium_bridge_long_separate
          [aquarium_subvault_bridge, aquarium_subvault_bridge,
          aquarium_subvault_window, aquarium_subvault_bridge,
          aquarium_subvault_wall, aquarium_subvault_bridge],
          aquarium_bridge_square [aquarium_subvault_window,
          aquarium_subvault_bridge, aquarium_subvault_window,
          aquarium_subvault_bridge], aquarium_window_corridor_3,
          aquarium_window_fake, aquarium_window_corner, aquarium_view_2b,
          aquarium_view_2e, aquarium_pool_split
D:2:      layout_basic, serial_forest, infiniplex_forest_clump_cross,
          infiniplex_forest_clump_long, infiniplex_forest_clump_small,
          infiniplex_forest_lined_3, infiniplex_forest_fountain,
          infiniplex_forest_zigzag_2, infiniplex_forest_clump_curved,
          infiniplex_forest_clump_small, infiniplex_forest_lined_3, basic_altar
D:3:      gammafunk_steamed_eel, layout_rooms, gammafunk_ghost_grave
D:4:      layout_cave_pods, mainiacjoe_overflow_chevrons, temple_doors_cd,
          gup_sewer_entry_pipe
D:5:      layout_basic, kennysheep_little_box, kennysheep_mini_moat
D:6:      layout_loops_ring, mainiacjoe_overflow_catwalk,
          mainiacjoe_overflow_alcove_2
D:7:      layout_rooms, nicolae_ossuary_entry_monument, minmay_checkerbox
D:8:      layout_layer_cave, mainiacjoe_overflow_alcove_1, lair_entry_dummy,
          serial_shops, shop, amcnicky_mini_corridor_feature
D:9:      layout_basic, nzn_wu_jian_council_hall, tgw_sif, special_room
          [special_room_kobold], grunt_ministairs_15, uniq_erica
Temple:   minmay_temple_curvy_branch
Lair:1:   layout_long_grid, serial_bayou_lake_a, grunt_megastairs_3

Skill      XL: |  1  2  3  4  5  6  7  8  9 10 |
---------------+-------------------------------+-----
Axes           | 3 |  3.6
Fighting       | 4 5 6 7 |  7.3
Long Blades    | 1 2 4 5 6 8 9 |  9.2
Shields        | 4 5 7 8 9 |  9.0
Armour         | 4 5 6 7 |  7.0
Dodging        | 1 2 3 |  3.2
Stealth        | 1 |  1.4

Action                   |  1- 3 |  4- 6 |  7- 9 | 10-12 || total
-------------------------+-------+-------+-------+-------++-------
Melee: War axe           |    70 |       |       |       ||    70
       Long sword        |    47 |   187 |   344 |    65 ||   643
Evoke: Wand              |       |       |     1 |     1 ||     2
  Use: Scroll            |     4 |     3 |     5 |     1 ||    13
       Potion            |     2 |     4 |     7 |       ||    13
Armor: Scale mail        |    61 |   123 |   180 |    59 ||   423
Dodge: Dodged            |    36 |    90 |    93 |    24 ||   243
Block: Kite shield       |    66 |   146 |    39 |       ||   251
       Tower shield      |       |       |   345 |    95 ||   440
       Rpst.: Long sword |    10 |    31 |    29 |     3 ||    73
